 Dungeon Crawl Stone Soup version 0.31-a0-691-g409c26aa35 (webtiles) character file.

Game seed: 554115437139339587

31086 Joey1 the Severer (level 13, -2/189 HPs)
             Began as a Minotaur Berserker on Sept 6, 2023.
             Was an Elder of Trog.
             Slain by gurdl9716's ghost (22 damage)
             ... on level 2 of the Orcish Mines.
             The game lasted 00:48:26 (16203 turns).

Joey1 the Severer (Minotaur Berserker)             Turns: 16203, Time: 00:48:27

Health: -2/189     AC: 17    Str: 33    XL:     13   Next: 24%
Magic:  12/12      EV: 11    Int: 10    God:    Trog [****..]
Gold:   497        SH: 10    Dex: 13    Spells: 12/12 levels left

rFire   . . .        f - +3 broad axe
rCold   + . .        Q - +0 buckler
rNeg    + . .        r - +1 plate armour {Will+}
rPois   .            (helmet restricted)
rElec   .            (no cloak)
rCorr   .            U - +0 pair of gloves
SInv    .            P - +1 pair of boots "Meikh" {rN+ Will+ Dex+3}
Will    +++..        D - amulet of reflection Stlth
                     q - ring of Xoism {rC+ Will+ Int+6}
HPRegen 0.51/turn    k - +6 ring of strength
MPRegen 0.13/turn

%: reflection
@: berserking, very quick
A: horns 2, retaliatory headbutt
a: Renounce Religion, Berserk, Trog's Hand, Brothers in Arms


You were on level 2 of the Orcish Mines.
You worshipped Trog.
Trog was greatly pleased with you.
You visited 3 branches of the dungeon, and saw 14 of its levels.
You visited the Abyss 1 time.
You also visited: Ossuary and Bailey.

You collected 2096 gold pieces.
You spent 1599 gold pieces at shops.

Inventory:

Hand Weapons
 f - a +3 broad axe (weapon)
 s - a +4 war axe
 C - the +9 mace of Jikkej {freeze, Int+3}
   (You found it on level 4 of the Dungeon)

   Int+3:     It affects your intelligence (+3).
Missiles
 t - 3 javelins
 z - 2 throwing nets
 S - 42 boomerangs (quivered)
 X - 5 curare-tipped darts
Armour
 r - a +1 plate armour of willpower (worn)
 P - the +1 pair of boots "Meikh" (worn) {rN+ Will+ Dex+3}
   (You found it on level 5 of the Dungeon)

   Dex+3:     It affects your dexterity (+3).
   rN+:       It protects you from negative energy.
   Will+:     It increases your willpower.
 Q - a +0 buckler (worn)
 U - a +0 pair of gloves (worn)
 V - a +2 pair of boots of flying
Jewellery
 k - a +6 ring of strength (right hand)
 q - the ring of Xoism (left hand) {rC+ Will+ Int+6}
   (You bought it in a shop on level 5 of the Dungeon)

   [ring of intelligence]

   Int+6:     It affects your intelligence (+6).
   rC+:       It protects you from cold.
   Will+:     It increases your willpower.
 D - an amulet of reflection (around neck)
 O - a ring of fire
 R - a ring of flight
 W - a ring of protection from cold
Wands
 a - a wand of iceblast (4)
 b - a wand of mindburst (7)
 A - a wand of polymorph (11)
 E - a wand of paralysis (5)
 N - a wand of flame (37)
Scrolls
 c - 2 scrolls of torment
 h - 2 scrolls of enchant armour
 i - a scroll of vulnerability
 j - a scroll of revelation
 l - 2 scrolls of fog
 n - a scroll of teleportation
 o - 2 scrolls of poison
 p - 2 scrolls of butterflies
 u - 2 scrolls of blinking
 v - 4 scrolls of amnesia {unknown}
 w - 5 scrolls of immolation
 y - a scroll of silence {unknown}
 M - a scroll of brand weapon {unknown}
 Y - a scroll of noise {unknown}
 Z - a scroll of enchant weapon {unknown}
Potions
 d - 6 potions of heal wounds
 e - 6 potions of curing
 g - 9 potions of enlightenment
 m - 2 potions of lignification {unknown}
 x - a potion of degeneration {unknown}
 B - 2 potions of berserk rage {unknown}
 F - 4 potions of brilliance
 G - a potion of invisibility {unknown}
 H - 4 potions of might
 I - 4 potions of haste {unknown}
 J - 2 potions of cancellation {unknown}
 K - 2 potions of resistance {unknown}
 L - 2 potions of attraction
 T - a potion of mutation {unknown}


   Skills:
 - Level 15.0 Fighting
 - Level 18.0 Axes
 - Level 4.0 Throwing
 + Level 5.8 Armour
 + Level 7.5 Dodging
 + Level 6.7 Shields
 - Level 5.0 Evocations


You had 12 spell levels left.
You didn't know any spells.
Your spell library was empty.

Dungeon Overview and Level Annotations

Branches:
Dungeon (11/15)            Temple (0/1) D:7            Lair (1/5) D:11
    Orc (2/2) D:10            Elf (0/3) Orc:2       Ossuary (visited)
 Bailey (visited)

Altars:
Gozag
Nemelex Xobeh
Okawaru
Sif Muna
Vehumet
The Shining One
Jiyva

Shops:
D:1 [   D:5 =   D:8 !   Orc:2 *:[[(

Portals:
Trove: D:10 (give +3 gold dragon scales)

Annotations:
D:5 2 runed translucent doors
D:11 3 runed translucent doors, Loveship's ghost, journeyman MiBe
Lair:1 2 runed translucent doors, Kocvedd's ghost, journeyman DDFi
Orc:2 gurdl9716's ghost, novice TrBe


Innate Abilities, Weirdness & Mutations

You have a pair of horns on your head.
You reflexively headbutt those who attack you in melee.


Message History

Gurdl9716's ghost attacks as it pursues you!
You block gurdl9716's ghost's attack.
The orc knight roars a battlecry!
The orc knight goes into a battle-frenzy!
Gurdl9716's ghost attacks as it pursues you!
Gurdl9716's ghost hits you!
Gurdl9716's ghost attacks as it pursues you!
Gurdl9716's ghost hits you but does no damage.
Gurdl9716's ghost attacks as it pursues you!
You block gurdl9716's ghost's attack.
The warg pauses to sniff the ground.
Gurdl9716's ghost attacks as it pursues you!
Gurdl9716's ghost hits you!!
* * * LOW HITPOINT WARNING * * *
The orc no longer looks unusually strong.
Gurdl9716's ghost attacks as it pursues you!
Gurdl9716's ghost hits you.
* * * LOW HITPOINT WARNING * * *
The orc high priest no longer looks unusually strong.
The orc knight roars a battlecry!
Gurdl9716's ghost attacks as it pursues you!
Gurdl9716's ghost hits you but does no damage.
Things that are here:
a +0 robe; a +0 club; a gnoll skeleton The orc knight no longer looks unusually strong.
There is a stone staircase leading down, spattered with blood here.
You can't go up here!
The orc knight no longer looks unusually strong.
The orc knight roars a battlecry!
You climb downwards.
There is a stone staircase leading up, spattered with blood here.
A red film seems to cover your vision as you go berserk!
You feel yourself moving faster!
You feel mighty!
Gurdl9716's ghost wails, "I was like you once."
Gurdl9716's ghost hits you!!
* * * LOW HITPOINT WARNING * * *
You barely miss gurdl9716's ghost. You headbutt gurdl9716's ghost!
Gurdl9716's ghost is lightly damaged.
Gurdl9716's ghost hits you!!
You die...

#∩#.#......#...##.....#..#.#.#...
#...#..........#...........#.#...
#####............................
.....<.........................##
.....[.....[[.................<#
....[.........[...^...........##
....[[......))[.........^....##
.....).........[[........##.##
...............[@).......####
....)[.........W))........#
..........#....[.......[.##
........................##
...##[...................##
.###......................#
##.##....................##
#...................#...##
........................### ###


You could see gurdl9716's ghost.

Vanquished Creatures
  2 orc warlords (Orc:2)
  A two-headed ogre (D:10)
  4 orc high priests (Orc:2)
  An orc knight (Orc:1)
  7 orc sorcerers
  Jeremiah (D:8)
  An ice statue (D:9)
  A cane toad (Lair:1)
  An unseen horror (D:11)
  3 komodo dragons
  6 trolls
  Grinder (D:6)
  Prince Ribbit (D:5)
  A hornet (D:9)
  4 blink frogs (Lair:1)
  A vampire (D:10)
  3 wraiths
  4 shadows
  5 steam dragons
  20 yaks
  5 wyverns
  3 wargs (Orc:2)
  4 water moccasins
  Duvessa (D:7)
  3 acid dragons
  39 orc warriors
  A black bear (D:7)
  7 ogres
  8 centaurs
  2 phantoms
  2 kobold brigands (D:7)
  4 bullfrogs
  A gnoll sergeant (D:11)
  3 scorpions
  4 wights (D:8)
  Dowan (D:7)
  4 troll zombies (D:10)
  7 killer bees
  9 howler monkeys
  14 orc priests
  9 jellies
  3 gnoll boudas
  3 sleepcaps
  An iguana (D:6)
  Ijyb (D:3)
  18 orc wizards
  4 ogre zombies (D:10)
  8 mummies (Ossuary)
  17 gnolls
  11 adders
  A shadow imp (D:8)
  A worm (D:4)
  4 dart slugs
  53 orcs
  4 endoplasms
  6 giant cockroaches
  A gnoll zombie (Ossuary)
  9 goblins
  10 hobgoblins
  2 jackals (D:1)
  3 quokkas
  7 ball pythons
  A bat (D:2)
  2 frilled lizards (D:1)
  2 goblin skeletons (D:10)
  5 goblin zombies (D:10)
  A hobgoblin skeleton (D:10)
  6 hobgoblin zombies
  35 kobolds
  2 kobold zombies (Ossuary)
  2 orc skeletons (D:10)
  14 orc zombies
  3 rats
439 creatures vanquished.

Vanquished Creatures (collateral kills)
  A cacodemon (Abyss:2)
  A two-headed ogre (D:9)
  A demonic crawler (Abyss:2)
  Sonja (Lair:1)
  Amaemon (Lair:1)
  An orange demon (Lair:1)
  An orc warrior (D:9)
  A centaur (shapeshifter) (Abyss:2)
  A small abomination (Abyss:2)
  An orc priest (D:9)
  An orc wizard (D:9)
  2 orcs (D:9)
13 creatures vanquished.

Vanquished Creatures (others)
  An orc (D:8)
1 creature vanquished.

Grand Total: 453 creatures vanquished

Notes
Turn   | Place    | Note
-------+----------+-------------------------------------------
     0 | D:1      | Joey1 the Minotaur Berserker began the quest for the Orb.
     0 | D:1      | Reached XP level 1. HP: 19/19 MP: 0/0
   104 | D:1      | Found Zugh's Armour Shop.
   157 | D:1      | Reached XP level 2. HP: 26/27 MP: 1/1
   280 | D:1      | Reached skill level 4 in Axes
   598 | D:2      | Reached ** piety under Trog
   599 | D:2      | Reached XP level 3. HP: 26/33 MP: 2/2
  1403 | D:3      | Found a faded altar of an unknown god.
  1435 | D:3      | Reached XP level 4. HP: 28/41 MP: 3/3
  1930 | D:3      | Noticed Ijyb
  1943 | D:3      | Killed Ijyb
  1944 | D:3      | Reached XP level 5. HP: 44/47 MP: 4/4
  2015 | D:4      | Found a shimmering blue altar of Sif Muna.
  2042 | D:4      | Reached skill level 5 in Fighting
  2042 | D:4      | Reached skill level 5 in Axes
  2193 | D:4      | Identified the +9 mace of Jikkej {freeze, Int+3}
  2357 | D:4      | You fall into a shaft and drop 2 floors!
  2398 | D:6      | Reached skill level 6 in Axes
  2398 | D:6      | Reached XP level 6. HP: 56/56 MP: 5/5
  2486 | D:6      | Found a sand-covered staircase.
  2491 | Ossuary  | Entered an ossuary
  2503 | Ossuary  | Reached *** piety under Trog
  2855 | D:6      | Noticed Grinder
  2865 | D:6      | Killed Grinder
  2866 | D:6      | Reached skill level 7 in Axes
  2866 | D:6      | Reached skill level 5 in Dodging
  2866 | D:6      | Reached XP level 7. HP: 33/61 MP: 6/6
  2973 | D:6      | Reached skill level 8 in Axes
  3137 | D:6      | Reached skill level 9 in Axes
  3365 | D:5      | Entered Level 5 of the Dungeon
  3406 | D:5      | Reached XP level 8. HP: 68/68 MP: 7/7
  3419 | D:5      | Found an opulent altar of Gozag.
  3476 | D:5      | Reached skill level 10 in Axes
  3549 | D:5      | Noticed Prince Ribbit
  3558 | D:5      | Killed Prince Ribbit
  3559 | D:5      | Reached skill level 11 in Axes
  3649 | D:5      | Identified the +1 pair of boots "Meikh" {rN+ Will+ Dex+3}
  3710 | D:5      | Reached skill level 12 in Axes
  3712 | D:5      | Found Tiorghiph's Jewellery Shop.
  3875 | D:5      | Found a large runed translucent door.
  3875 | D:5      | Found a large runed translucent door.
  3877 | D:5      | Found a large runed translucent door.
  3877 | D:5      | Found a large runed translucent door.
  4058 | D:5      | Reached skill level 13 in Axes
  4058 | D:5      | Reached XP level 9. HP: 74/74 MP: 8/8
  4060 | D:5      | Identified the staff "Nozi" {Dex+4 Conj}
  4172 | D:5      | Found the +9 sword of Zonguldrok {reap}
  4740 | D:4      | Found a glowing golden altar of the Shining One.
  4988 | D:6      | Reached **** piety under Trog
  4995 | D:6      | Reached skill level 14 in Axes
  5437 | D:7      | Found a flagged portal.
  5584 | Bailey   | Entered a bailey
  5756 | Bailey   | Identified the +3 morningstar of Causality {vamp, rC+
                  | rCorr}
  5901 | Bailey   | Reached skill level 15 in Axes
  6276 | D:7      | Reached ***** piety under Trog
  6532 | D:7      | Found a staircase to the Ecumenical Temple.
  6733 | D:7      | Reached skill level 16 in Axes
  6733 | D:7      | Reached XP level 10. HP: 52/81 MP: 9/9
  6844 | D:7      | Noticed Duvessa
  6844 | D:7      | Noticed Dowan
  6852 | D:7      | Killed Duvessa
  6852 | D:7      | Killed Dowan
  7315 | D:8      | Found Badops's Distillery.
  7318 | D:8      | Bought a potion of enlightenment for 65 gold pieces
  7318 | D:8      | Bought a potion of brilliance for 52 gold pieces
  7318 | D:8      | Bought a potion of heal wounds for 65 gold pieces
  7318 | D:8      | Bought a potion of heal wounds for 65 gold pieces
  7318 | D:8      | Bought a potion of curing for 39 gold pieces
  7318 | D:8      | Bought a potion of attraction for 39 gold pieces
  7318 | D:8      | Bought a potion of might for 52 gold pieces
  7364 | D:8      | Received a gift from Trog
  7599 | D:8      | Noticed Jeremiah
  7605 | D:8      | Killed Jeremiah
  7819 | D:8      | Reached skill level 10 in Fighting
  8153 | D:9      | Found a radiant altar of Vehumet.
  8210 | D:9      | Noticed a two-headed ogre
  8231 | D:9      | Killed a two-headed ogre
  8377 | D:9      | Found an iron altar of Okawaru.
  8387 | D:9      | Reached XP level 11. HP: 89/101 MP: 10/10
  8470 | D:9      | Paralysed by a hornet for 1 turns
  8648 | D:9      | Identified the +4 scale mail of Lesser Demons {Harm Fly
                  | Will- Regen+}
  9594 | D:10     | Entered Level 10 of the Dungeon
  9657 | D:10     | Found a staircase to the Orcish Mines.
  9975 | D:10     | Identified the +2 robe of Insurance {rF+}
 10011 | D:10     | Found a portal to a secret trove of treasure.
 10100 | D:10     | Found a sparkling altar of Nemelex Xobeh.
 10151 | D:10     | Noticed a two-headed ogre
 10159 | D:10     | Killed a two-headed ogre
 10397 | D:10     | Received a gift from Trog
 10818 | D:11     | Reached skill level 5 in Armour
 11019 | D:11     | Reached skill level 1 in Throwing
 11025 | D:11     | Reached skill level 1 in Evocations
 11174 | D:11     | Found a staircase to the Lair.
 11244 | D:11     | Found a runed translucent gate.
 11244 | D:11     | Found a runed translucent gate.
 11244 | D:11     | Found a runed translucent gate.
 11247 | D:11     | Found a viscous altar of Jiyva.
 11247 | D:11     | Noticed Loveship's ghost (journeyman MiBe)
 11247 | D:11     | Noticed a glowing orange brain
 11360 | Lair:1   | Entered Level 1 of the Lair of Beasts
 11490 | Lair:1   | Noticed Sonja
 11502 | Lair:1   | HP: 6/165 [Sonja/+2 short sword of distortion (5)]
 11502 | Abyss:2  | Cast into level 2 of the Abyss (Sonja)
 11506 | Abyss:2  | HP: 2/110 [poisoned by Sonja (curare-tipped dart)]
 11542 | Abyss:2  | Noticed a demonic crawler
 11544 | Abyss:2  | Noticed a cacodemon
 11548 | Abyss:2  | Killed a demonic crawler
 11549 | Abyss:2  | Reached XP level 12. HP: 58/117 MP: 11/11
 11549 | Abyss:2  | Found a corrupted altar of Lugonu.
 11555 | Abyss:2  | Killed a cacodemon
 11562 | Lair:1   | Escaped the Abyss
 11610 | Lair:1   | Killed Sonja
 11903 | Lair:1   | Reached skill level 5 in Evocations
 12036 | Lair:1   | Found a large runed translucent door.
 12036 | Lair:1   | Found a large runed translucent door.
 12067 | Lair:1   | Noticed Kocvedd's ghost (journeyman DDFi)
 12086 | Lair:1   | Noticed a death yak
 12086 | Lair:1   | Noticed a death yak
 12087 | Lair:1   | Noticed a death yak
 12087 | Lair:1   | Noticed a death yak
 12088 | Lair:1   | Noticed a death yak
 12210 | Lair:1   | Noticed Amaemon
 12223 | Lair:1   | Killed Amaemon
 12526 | Orc:1    | Entered Level 1 of the Orcish Mines
 12721 | D:5      | Bought the ring of Xoism {rC+ Will+ Int+6} for 611 gold
                  | pieces
 12721 | D:5      | Bought an amulet of reflection for 330 gold pieces
 13111 | Orc:2    | Entered Level 2 of the Orcish Mines
 13697 | Orc:2    | Noticed an orc high priest
 13736 | Orc:1    | Reached skill level 1 in Shields
 13856 | Orc:2    | Noticed an orc high priest
 13981 | Orc:2    | Killed an orc high priest
 14106 | Orc:2    | Killed an orc high priest
 14178 | Orc:2    | Noticed an orc high priest
 14187 | Orc:2    | Killed an orc high priest
 14188 | Orc:2    | Reached skill level 5 in Shields
 14246 | Orc:2    | Reached skill level 15 in Fighting
 14302 | Orc:2    | Noticed an orc warlord
 14315 | Orc:2    | Killed an orc warlord
 14316 | Orc:2    | Reached skill level 17 in Axes
 14411 | Orc:1    | Noticed an orc warlord
 14440 | Orc:2    | Killed an orc warlord
 14525 | Orc:2    | Reached XP level 13. HP: 89/126 MP: 12/12
 14829 | Orc:2    | Reached skill level 18 in Axes
 15065 | Orc:1    | Found a runed translucent gate.
 15179 | Orc:1    | Noticed gurdl9716's ghost (novice TrBe)
 15180 | Orc:1    | Found a runed translucent gate.
 15181 | Orc:1    | Found a runed translucent gate.
 15181 | Orc:1    | Identified the +8 plate armour "Ocved" {rPois Will+}
 15181 | Orc:1    | You fall into a shaft and drop 1 floor!
 15181 | Orc:2    | Found Rohiff's Antique Weapon Boutique.
 15193 | Orc:2    | Bought a runed broad axe for 161 gold pieces
 15248 | Orc:2    | Found Coutady's Book Emporium.
 15260 | Orc:2    | Found a staircase to the Elven Halls.
 15478 | Orc:2    | Found Ygisik's Antique Armour Boutique.
 15523 | Orc:2    | Found Ymnot's General Store.
 15736 | Orc:2    | Bought a scroll of blinking for 120 gold pieces
 16071 | Orc:2    | Found Ciunifew's Antique Armour Boutique.
 16170 | Orc:1    | Identified the +6 mace of the Heart {freeze, rPois rN+}
 16203 | Orc:2    | Slain by gurdl9716's ghost

Illustrated notes

Levels and vault maps discovered:
D:1:      psy_arrival_statuary, layout_basic, serial_shops,
          nicolae_shop_hallway_stairs, hex_medium, minmay_indecisive_spiral
D:2:      layout_basic
D:3:      layout_loops_cross, chequers_ecumenical_altar_simple_redux, uniq_ijyb
D:4:      layout_basic, tso_altar, nicolae_sif_muna_little_library
D:5:      layout_gridville, grunt_gozag_breadcrumbs, serial_shops,
          nicolae_shop_waterfront, minmay_hollow_rounded_squares,
          uniq_prince_ribbit1
D:6:      layout_basic, nicolae_ossuary_entry_plus, uniq_grinder
D:7:      layout_basic, minmay_temple_entry_enclosed_plants, enter_bailey_3,
          uniq_duvessa
D:8:      layout_basic, serial_shops, nicolae_shop_real_fake_doors,
          serial_curves, eino_curves_04, eino_curves_04, uniq_jeremiah
D:9:      layout_loops_ring, hangedman_feature_mirror, minivault_15
D:10:     layout_stronghold, marbit_many_paths, zombieorc2_lemuel,
          nicolae_trove_entry_crossroad
D:11:     layout_big_octagon, lair_entry_dummy, gammafunk_ghost_ooze,
          st_stairs_8, minmay_statues_item
Lair:1:   layout_long_grid, ebering_ghost_disaster_area,
          cheibrodos_lair_caveside_slide, chequers_serial_rivers_marsh,
          uniq_amaemon, uniq_sonja
Orc:1:    layout_caves, biasface_ghost_orc_armoury
Orc:2:    grunt_orc_gardens, layout_caves, grunt_orc_garden, grunt_orc_garden,
          grunt_orc_garden, grunt_orc_garden, serial_shops,
          nicolae_shop_back_alley_shop

Skill      XL: |  1  2  3  4  5  6  7  8  9 10 11 12 13 |
---------------+----------------------------------------+-----
Axes           | 4 6 7 9 13 16 17 18 | 18.0
Fighting       | 4 5 10 14 15 | 15.0
Armour         | 3 5 |  5.8
Dodging        | 3 4 5 7 |  7.5
Throwing       | 3 4 |  4.0
Evocations     | 3 5 |  5.0
Shields        | 6 |  6.7

Action                     |  1- 3 |  4- 6 |  7- 9 | 10-12 | 13-15 || total
---------------------------+-------+-------+-------+-------+-------++-------
  Melee: Hand axe          |    69 |     8 |       |       |       ||    77
         Headbutt          |     7 |    15 |    45 |   111 |    27 ||   205
         War axe           |       |    81 |   228 |   543 |    55 ||   907
         Punch             |       |       |     3 |     4 |       ||     7
         Broad axe         |       |       |       |       |    56 ||    56
  Throw: Boomerang         |       |       |    52 |       |       ||    52
 Invoke: Trog's Hand       |       |     2 |     1 |     4 |       ||     7
         Berserk           |       |     1 |     4 |     9 |     1 ||    15
         Brothers in Arms  |       |       |       |     6 |       ||     6
    Use: Scroll            |       |       |     6 |     8 |       ||    14
         Potion            |       |       |       |     3 |       ||     3
   Stab: Distracted        |     1 |       |       |       |       ||     1
         Sleeping          |     1 |       |       |       |       ||     1
 Armour: Animal skin       |    35 |       |       |       |       ||    35
         Plate armour      |     7 |    67 |   192 |   456 |    91 ||   813
         Ring mail         |     1 |       |       |       |       ||     1
  Dodge: Dodged            |    38 |    26 |    81 |   163 |    44 ||   352
  Block: Buckler           |       |       |       |    40 |    63 ||   103
         Reflection        |       |       |       |     3 |     2 ||     5
         Other             |       |       |       |     3 |       ||     3

Table legend: (Time is in decaauts)
 A = Elapsed time spent in this place.
 B = Non-inter-level travel time spent in this place.
 C = Inter-level travel time spent in this place.
 D = Time resting spent in this place.
 E = Time spent auto-exploring this place.
 F = Levels seen in this place.
 G = Mean time per level.
                   A        B        C        D        E       F      G
               +--------+--------+--------+--------+--------+-----+--------+
         Total |  16191 |  15120 |   1071 |   2876 |   9236 |  17 |  952.4 |
       Dungeon |  11123 |  10188 |    935 |    938 |   7675 |  11 | 1011.2 |
          Lair |    897 |    868 |     29 |    246 |    347 |   1 |  897.0 |
  Orcish Mines |   3112 |   3006 |    106 |   1425 |    843 |   2 | 1556.0 |
         Abyss |     71 |     71 |      0 |      0 |      0 |   1 |   71.0 |
       Ossuary |    371 |    371 |      0 |    134 |    152 |   1 |  371.0 |
        Bailey |    616 |    616 |      0 |    132 |    219 |   1 |  616.0 |
               +--------+--------+--------+--------+--------+-----+--------+

Top non-repeatable levels by time:
   Orc:2: 1929 daAuts
     D:9: 1481 daAuts
     D:7: 1342 daAuts
     D:5: 1273 daAuts
    D:10: 1230 daAuts
   Orc:1: 1183 daAuts
     D:6: 1180 daAuts
     D:8: 994 daAuts
  Lair:1: 897 daAuts
    D:11: 844 daAuts
     D:4: 764 daAuts
     D:2: 753 daAuts
     D:3: 683 daAuts
  Bailey: 616 daAuts
     D:1: 574 daAuts
